 Dungeon Crawl Stone Soup version 0.28.0-43-g3370ac3207 (webtiles) character file.

Game seed: 4507351292450726467

84 MariaPascua the Charlatan (level 4, -5/28 HPs)
             Began as a Human Artificer on Mar 19, 2022.
             Slain by Terence
             ... wielding a +0 falchion
              (10 damage)
             ... on level 2 of the Dungeon.
             The game lasted 00:12:12 (1849 turns).

MariaPascua the Charlatan (Human Artificer)         Turns: 1849, Time: 00:12:13

Health: -5/28      AC:  3    Str: 12    XL:     4   Next: 72%
Magic:  4/4        EV: 11    Int: 15    God:
Gold:   124        SH:  0    Dex: 14    Spells: 1/3 levels left

rFire   . . .      SeeInvis .   a - +0 club
rCold   . . .      Faith    .   (no shield)
rNeg    . . .      Spirit   .   b - +0 leather armour
rPois   +          Reflect  .   (no helmet)
rElec   .          Harm     .   (no cloak)
rCorr   .          Rampage  .   (no gloves)
Will    .....                   (no boots)
Stlth   ++........              (no amulet)
HPRegen 0.09/turn               (no ring)
MPRegen 0.09/turn               (no ring)

@: no status effects
A: clever 1, frail 1, poison resistance, wild magic 1
a: no special abilities


You were on level 2 of the Dungeon.
You visited 1 branch of the dungeon, and saw 2 of its levels.

You collected 124 gold pieces.

Inventory:

Hand Weapons
 a - a +0 club (weapon)
 k - a +0 dagger
Missiles
 n - 35 sling bullets
Armour
 b - a +0 leather armour (worn)
Jewellery
 h - a ring of protection from cold
Wands
 d - a wand of charming (5)
Miscellaneous
 e - a piece from Xom's chessboard (8/15)


   Skills:
 * Level 1.3 Fighting
 * Level 1.1 Maces & Flails
 * Level 0.3 Throwing
 * Level 2.3 Armour
 * Level 1.5 Dodging
 * Level 2.3 Stealth
 * Level 0.2 Spellcasting
 * Level 0.1 Summonings
 * Level 0.3 Necromancy
 * Level 3.5 Evocations


You had one spell level left.
You knew the following spells:

 Your Spells              Type           Power      Damage    Failure   Level
a - Summon Small Mammal   Summ           0%         N/A       41%         1
b - Animate Skeleton      Necr           2%         N/A       36%         1

Your spell library contained the following spells:

 Spells                   Type           Power      Damage    Failure   Level
 Apportation              Tloc           0%         N/A       43%         1


Dungeon Overview and Level Annotations

Branches:
Dungeon (2/15)

Altars:

Shops:
D:2 (

Annotations:
D:2 Terence


Innate Abilities, Weirdness & Mutations

Your mind is acute. (Int +2)
You are frail. (-10% HP)
Your system is resistant to poisons. (rPois)
Your spells are a little harder to cast, but a little more powerful.


Message History

There is an entrance to Cuzurror's Weapon Shop here.
You swap places.
You see here 7 gold pieces.
You now have 124 gold pieces (gained 7).
You swap places.
There is an entrance to Cuzurror's Weapon Shop here.
You see here a poisoned dart.
You see here a poisoned dart.
Magic restored.
Found 14 sling bullets.
Found a stone staircase leading down.
Your human skeleton crumbles into dust!
You see here 14 sling bullets.
You see here 14 sling bullets.
n - 35 sling bullets (gained 14)
Okay, then.
There is a stone staircase leading down here.
Terence the Incautious comes into view.
He is wielding a +0 falchion.
Terence shouts!
Casting: Animate Skeleton (safe; 32% risk of failure)
Confirm with . or Enter, or press ? or * to list all spells.
Okay, then.
You make a move on Xom's chessboard...
Terence falls asleep!
Terence shouts!
Terence says, "You're history."
You closely miss Terence. Terence hits you with a +0 falchion.
You make a move on Xom's chessboard...
Terence flickers and vanishes!
Something hits you!
Unknown command.
It was a potion of mutation.
You feel extremely strange.
You feel clever.
You feel resistant to poisons.
You feel frail.
You feel less in control of your magic. Something hits you.
You hit something but do no damage. Something hits you.
You miss something. Something hits you!
* * * LOW HITPOINT WARNING * * *
It was a potion of cancellation.
You feel magically purged. Something hits you.
* * * LOW HITPOINT WARNING * * *
It was a potion of magic.
Magic courses through your body. Something hits you!
You die...

###################
...........>......#
##########.######.#
#######.#####..# .
............#..# ##
#######.###.#..# ..
..# #..# .# ###..#
#.## .######.#..#
#@# ........#..#
#{# .....##.#..#
#.# ...#.##.#..#
#.# ...#.##.# #.#
...#.##.# #..
.†......# ###
.#.#.#### .#<#.#


There were no monsters in sight!

Vanquished Creatures
  2 adders (D:2)
  A dart slug (D:2)
  4 ball pythons (D:1)
  3 bats
  3 endoplasms
  5 goblins
  6 hobgoblins
  A jackal (D:1)
  2 frilled lizards (D:2)
  3 kobolds (D:1)
  5 rats
35 creatures vanquished.

Vanquished Creatures (collateral kills)
  2 adders (D:2)
  A dart slug (D:2)
  An endoplasm (D:2)
  2 ball pythons
  2 frilled lizards
8 creatures vanquished.

Vanquished Creatures (others)
  A ball python (D:1)
  An endoplasm (D:1)
  A jackal (D:1)
  A kobold (D:1)
  A quokka (D:1)
  A frilled lizard (D:1)
6 creatures vanquished.

Grand Total: 49 creatures vanquished

Notes
Turn   | Place    | Note
-------+----------+-------------------------------------------
     0 | D:1      | MariaPascua the Human Artificer began the quest for the
                  | Orb.
     0 | D:1      | Reached XP level 1. HP: 15/15 MP: 1/1
   132 | D:1      | Reached XP level 2. HP: 21/21 MP: 2/2
   366 | D:1      | Reached XP level 3. HP: 24/26 MP: 3/3
  1045 | D:2      | Learned a level 1 spell: Summon Small Mammal
  1047 | D:2      | Learned a level 1 spell: Animate Skeleton
  1100 | D:2      | Reached XP level 4. HP: 25/32 MP: 2/4
  1111 | D:2      | Reached skill level 1 in Maces & Flails
  1717 | D:2      | Found Cuzurror's Weapon Shop.
  1837 | D:2      | Noticed Terence
  1845 | D:2      | Gained mutation: Your mind is acute. (Int +2) [potion of
                  | mutation]
  1845 | D:2      | Gained mutation: Your system is resistant to poisons.
                  | (rPois) [potion of mutation]
  1845 | D:2      | Gained mutation: You are frail. (-10% HP) [potion of
                  | mutation]
  1845 | D:2      | Gained mutation: Your spells are a little harder to cast,
                  | but a little more powerful. [potion of mutation]
  1849 | D:2      | Slain by Terence

Illustrated notes

Levels and vault maps discovered:
D:1:      dpeg_arrival_tiny_d, layout_rooms, minmay_3d_cube
D:2:      layout_basic, serial_shops, nicolae_shop_bloodbath_and_beyond,
          fountainhead, mrwooster_statue_mirror, uniq_terence

Skill      XL: |  1  2  3  4 |
---------------+-------------+-----
Stealth        | 2 |  2.3
Maces & Flails | 1 |  1.1
Fighting       | |  1.3
Throwing       | |  0.3
Armour         | |  2.3
Dodging        | |  1.5
Spellcasting   | |  0.2
Summonings     | |  0.1
Necromancy     | |  0.3
Evocations     | |  3.5

Action                   |  1- 3 |  4- 6 || total
-------------------------+-------+-------++-------
Melee: Club              |    60 |    37 ||    97
       Punch             |     2 |       ||     2
Throw: Dart              |     3 |     8 ||    11
 Cast: Summon Small Mamm |     2 |     4 ||     6
       Animate Skeleton  |       |     3 ||     3
Evoke: Wand              |    23 |     2 ||    25
       Piece from Xom's  |     6 |     7 ||    13
  Use: Scroll            |     2 |     2 ||     4
       Potion            |       |     5 ||     5
 Stab: Petrified         |     8 |     6 ||    14
       Paralysed         |     4 |       ||     4
       Sleeping          |     1 |       ||     1
Armor: Leather armour    |    24 |    11 ||    35
Dodge: Dodged            |    43 |    41 ||    84
